AoeStats
← 钓鱼佬

Arabia

507277897Analyzed
1v1 RM · 15d ago on Sep 17, 2026· 30m 33s· 2 players
Game mode
Random Map
Map size
Tiny (2 player)
Population
200
Speed
Normal
Resources
Standard
Victory
Conquest
Starting age
Dark Age
Ending age
Imperial Age
RankedLock teamsTeams togetherTeam positionsShared explorationLock speedFull tech treeHidden civsTurbo modeCheats
Victory
Defeat
🇨🇳 Burmese · China
1552
+19
🇵🇪 Lithuanians · Peru
1615
-19
钓鱼佬
7:03 Loom
9:25 Feudal Age
9:39 Man-at-Arms
17:52 Bloodlines
18:59 Wheelbarrow
19:15 Scale Barding Armor
19:21 Forging
19:01 Horse Collar
24:56 Town Watch
SainTKamuS
6:09 Loom
8:43 Feudal Age
9:31 Double-Bit Axe
10:59 Town Watch
19:01 Wheelbarrow
21:14 Castle Age
20:01 Bloodlines
19:56 Gold Mining
23:41 Husbandry
24:43 Scale Mail Armor
25:40 Chain Mail Armor
28:26 Fletching
Connection lost

Rejoining the realm…

Still unreachable

The connection could not be restored.

Session expired

The server has moved on; the page needs a fresh start.